TOP OF THE 1ST |
St. Petersburg Thunder batting - Pitching for Atlantic City Sonics : LHP Pepe Fontirroig
|
Pitching: LHP Pepe Fontirroig
|
|
Batting: LHB Lorenzo Ortíz
|
0-0: Foul Ball, location: 2F 0-1: Ball 1-1: Ball 2-1: Foul Ball, location: 2F 2-2: Foul Ball, location: 2F 2-2: Strikes out swinging
|
Batting: RHB Alfred Coleman
|
0-0: Ball 1-0: Ball 2-0: Ground out 1-3 (Groundball, 34S, EV 66.9 MPH)
|
Batting: RHB Gene Blanton
|
0-0: Fly out, F8 (Flyball, 8LXD, EV 108.8 MPH)
|
Top of the 1st over - 0 runs, 0 hits, 0 errors, 0 left on base; St. Petersburg 0 - Atlantic City 0 |
BOTTOM OF THE 1ST |
Atlantic City Sonics batting - Pitching for St. Petersburg Thunder : RHP Bill Tennant
|
Pitching: RHP Bill Tennant
|
|
Batting: LHB Jorge Quilez
|
0-0: Ball 1-0: SINGLE (Groundball, 4MD, EV 95.0 MPH)
|
Batting: RHB Román Ramírez
|
0-0: SINGLE (Groundball, 34, EV 105.0 MPH) (infield hit) Jorge Quilez to second
|
Batting: RHB Luis Rodríguez
|
0-0: Foul Ball, location: 2F 0-1: Ball 1-1: Ball 2-1: Fly out, F2 (Popup, 3SF, EV 85.6 MPH)
|
Batting: RHB Raffaello Dichio
|
0-0: Fly out, F2 (Popup, 5SF, EV 75.6 MPH)
|
Batting: LHB Travis Gilliam
|
0-0: Foul Ball, location: 2F 0-1: Swinging Strike 0-2: Fly out, F8 (Flyball, 8RS, EV 75.0 MPH)
|
Bottom of the 1st over - 0 runs, 2 hits, 0 errors, 2 left on base; St. Petersburg 0 - Atlantic City 0 |
TOP OF THE 2ND |
St. Petersburg Thunder batting - Pitching for Atlantic City Sonics : LHP Pepe Fontirroig
|
Batting: RHB Patrício Gerardes
|
0-0: Ball 1-0: Foul Ball, location: 2F 1-1: Ball 2-1: Called Strike 2-2: Ball 3-2: Foul Ball, location: 2F 3-2: Foul Ball, location: 2F 3-2: Ground out U3 (Groundball, 3S, EV 68.8 MPH)
|
Batting: RHB Curtis Tiger
|
0-0: Called Strike 0-1: Ball 1-1: Ball 2-1: Foul Ball, location: 2F 2-2: Ground out 4-3 (Groundball, 4, EV 84.4 MPH)
|
Batting: RHB John Crosby
|
0-0: Called Strike 0-1: Foul Ball, location: 2F 0-2: Foul Ball, location: 2F 0-2: Fly out, F7 (Flyball, 7D, EV 103.1 MPH)
|
Top of the 2nd over - 0 runs, 0 hits, 0 errors, 0 left on base; St. Petersburg 0 - Atlantic City 0 |
BOTTOM OF THE 2ND |
Atlantic City Sonics batting - Pitching for St. Petersburg Thunder : RHP Bill Tennant
|
Batting: RHB Garm van Opdorp
|
0-0: Ball 1-0: Ball 2-0: Ball 3-0: Called Strike 3-1: DOUBLE (Flyball, 78D, EV 94.4 MPH)
|
Batting: RHB Denis Perrin
|
0-0: Hit by Pitch
|
Batting: RHB Abhipala Srivastav
|
0-0: Swinging Strike 0-1: Ball 1-1: Called Strike 1-2: Fly out, F3 (Popup, 34, EV 84.4 MPH)
|
Batting: RHB Jaime López
|
0-0: Ball 1-0: Ball 2-0: Foul Ball, location: 2F 2-1: Foul Ball, location: 2F 2-2: Strikes out swinging
|
Batting: LHB Jorge Quilez
|
0-0: Ball 1-0: Ball 2-0: Ball 3-0: Called Strike 3-1: Ground out 4-3 (Groundball, 34, EV 108.1 MPH)
|
Bottom of the 2nd over - 0 runs, 1 hit, 0 errors, 2 left on base; St. Petersburg 0 - Atlantic City 0 |
TOP OF THE 3RD |
St. Petersburg Thunder batting - Pitching for Atlantic City Sonics : LHP Pepe Fontirroig
|
Batting: LHB Caspar Fewings
|
0-0: Called Strike 0-1: Foul Ball, location: 2F 0-2: Ball 1-2: Foul Ball, location: 2F 1-2: Ball 2-2: Foul Ball, location: 2F 2-2: Foul Ball, location: 2F 2-2: Ball 3-2: Foul Ball, location: 2F 3-2: Base on Balls
|
Batting: SHB Fernando Urby
|
0-0: Called Strike 0-1: Foul Ball, location: 2F 0-2: Ball 1-2: Strikes out looking
|
Batting: SHB Leonard Davis
|
0-0: Ball 1-0: Called Strike 1-1: Foul Ball, location: 2F 1-2: Strikes out swinging
|
Batting: LHB Lorenzo Ortíz
|
0-0: SINGLE (Groundball, 3D, EV 94.4 MPH) Caspar Fewings to second Runner from 2nd tries for 3rd, OUT! 9-5
|
Top of the 3rd over - 0 runs, 1 hit, 0 errors, 1 left on base; St. Petersburg 0 - Atlantic City 0 |
BOTTOM OF THE 3RD |
Atlantic City Sonics batting - Pitching for St. Petersburg Thunder : RHP Bill Tennant
|
Batting: RHB Román Ramírez
|
0-0: Called Strike 0-1: Called Strike 0-2: Foul Ball, location: 2F 0-2: Ball 1-2: Fly out, F5 (Line Drive, 5, EV 68.8 MPH)
|
Batting: RHB Luis Rodríguez
|
0-0: Ball 1-0: Ball 2-0: Ball 3-0: Base on Balls
|
Batting: RHB Raffaello Dichio
|
0-0: Ball 1-0: Ball 2-0: Ball 3-0: Base on Balls Luis Rodríguez to second
|
Batting: LHB Travis Gilliam
|
0-0: Called Strike 0-1: Foul Ball, location: 2F 0-2: Ball 1-2: Foul Ball, location: 2F 1-2: Fly out, F9 (Line Drive, 9, EV 96.2 MPH)
|
Batting: RHB Garm van Opdorp
|
0-0: Ball 1-0: Ball 2-0: Ball 3-0: Called Strike 3-1: Fly out, F8 (Line Drive, 8LM, EV 107.5 MPH)
|
Bottom of the 3rd over - 0 runs, 0 hits, 0 errors, 2 left on base; St. Petersburg 0 - Atlantic City 0 |
TOP OF THE 4TH |
St. Petersburg Thunder batting - Pitching for Atlantic City Sonics : LHP Pepe Fontirroig
|
Batting: RHB Alfred Coleman
|
0-0: Ball 1-0: Ball 2-0: Called Strike 2-1: Foul Ball, location: 2F 2-2: Foul Ball, location: 2F 2-2: Ball 3-2: SINGLE (Groundball, 56D, EV 105.6 MPH)
|
Batting: RHB Gene Blanton
|
0-0: Ball 1-0: Foul Ball, location: 2F 1-1: Swinging Strike 1-2: Ball 2-2: TRIPLE (Line Drive, 89XD, EV 109.4 MPH) Alfred Coleman scores
|
Batting: RHB Patrício Gerardes
|
0-0: Ball 1-0: Ball 2-0: Fly out, F6 (Line Drive, 6, EV 66.9 MPH)
|
Batting: RHB Curtis Tiger
|
0-0: Fly out, F8 (Flyball, 8LD, EV 91.9 MPH) Runner from 3rd tags up, OUT at HOME! 8-2
|
Top of the 4th over - 1 run, 2 hits, 0 errors, 0 left on base; St. Petersburg 1 - Atlantic City 0 |
BOTTOM OF THE 4TH |
Atlantic City Sonics batting - Pitching for St. Petersburg Thunder : RHP Bill Tennant
|
Batting: RHB Denis Perrin
|
0-0: Ball 1-0: Called Strike 1-1: Foul Ball, location: 2F 1-2: Foul Ball, location: 2F 1-2: Ball 2-2: Fly out, F3 (Popup, 3SF, EV 67.5 MPH)
|
Batting: RHB Abhipala Srivastav
|
0-0: Fly out, F9 (Flyball, 9, EV 90.0 MPH)
|
Batting: RHB Jaime López
|
0-0: Ball 1-0: Ball 2-0: Swinging Strike 2-1: Called Strike 2-2: Ball 3-2: Fly out, F8 (Flyball, 89XD, EV 86.2 MPH)
|
Bottom of the 4th over - 0 runs, 0 hits, 0 errors, 0 left on base; St. Petersburg 1 - Atlantic City 0 |
TOP OF THE 5TH |
St. Petersburg Thunder batting - Pitching for Atlantic City Sonics : LHP Pepe Fontirroig
|
Batting: RHB John Crosby
|
0-0: Called Strike 0-1: Ball 1-1: Foul Ball, location: 2F 1-2: Strikes out swinging
|
Batting: LHB Caspar Fewings
|
0-0: Ball 1-0: Ball 2-0: Ball 3-0: Called Strike 3-1: Foul Ball, location: 2F 3-2: Base on Balls
|
Batting: SHB Fernando Urby
|
0-0: Ball 1-0: Ball 2-0: Foul Ball, location: 2F 2-1: Foul Ball, location: 2F 2-2: Foul Ball, location: 2F 2-2: Foul Ball, location: 2F 2-2: Strikes out looking
|
Batting: SHB Leonard Davis
|
0-0: Foul Ball, location: 2F 0-1: Ball 1-1: Ball 2-1: Foul Ball, location: 2F 2-2: Fly out, F9 (Flyball, 9S, EV 89.4 MPH)
|
Top of the 5th over - 0 runs, 0 hits, 0 errors, 1 left on base; St. Petersburg 1 - Atlantic City 0 |
BOTTOM OF THE 5TH |
Atlantic City Sonics batting - Pitching for St. Petersburg Thunder : RHP Bill Tennant
|
Batting: LHB Jorge Quilez
|
0-0: Called Strike 0-1: Foul Ball, location: 2F 0-2: Fly out, F9 (Flyball, 89D, EV 85.0 MPH)
|
Batting: RHB Román Ramírez
|
0-0: Ground out 4-3 (Groundball, 4, EV 83.8 MPH)
|
Batting: RHB Luis Rodríguez
|
0-0: Called Strike 0-1: Ball 1-1: Ball 2-1: Ball 3-1: Ground out 4-3 (Groundball, 4, EV 90.0 MPH)
|
Bottom of the 5th over - 0 runs, 0 hits, 0 errors, 0 left on base; St. Petersburg 1 - Atlantic City 0 |
TOP OF THE 6TH |
St. Petersburg Thunder batting - Pitching for Atlantic City Sonics : LHP Pepe Fontirroig
|
Batting: LHB Lorenzo Ortíz
|
0-0: Ball 1-0: Ball 2-0: Swinging Strike 2-1: SINGLE (Groundball, 34D, EV 95.6 MPH)
|
Batting: RHB Alfred Coleman
|
0-0: Ball 1-0: Foul Ball, location: 2F 1-1: Ball 2-1: 2-RUN HOME RUN (Line Drive, 78XD, EV 101.9 MPH), Distance : 415 ft
|
Batting: RHB Gene Blanton
|
0-0: DOUBLE (Line Drive, 8RXD, EV 100.6 MPH)
|
Batting: RHB Patrício Gerardes
|
0-0: Called Strike 0-1: Ball 1-1: Ball 2-1: Ball 3-1: Base on Balls
|
Pitching: RHP Craig Gunter
|
|
Batting: RHB Curtis Tiger
|
0-0: Ball 1-0: Swinging Strike 1-1: Ball 2-1: Foul Ball, location: 2F 2-2: DOUBLE (Line Drive, 78D, EV 103.8 MPH) Gene Blanton scores Patrício Gerardes to third
|
Batting: RHB John Crosby
|
0-0: Ball 1-0: Ball 2-0: Called Strike 2-1: Ball 3-1: Base on Balls
|
Batting: LHB Caspar Fewings
|
0-0: Ball 1-0: Grounds into double play, 3-6-3 (Groundball, 34, EV 85.0 MPH) Patrício Gerardes scores Curtis Tiger to third
|
Batting: SHB Fernando Urby
|
0-0: Foul Ball, location: 2F 0-1: Ground out 4-3 (Groundball, 4, EV 107.5 MPH)
|
Top of the 6th over - 4 runs, 4 hits, 0 errors, 1 left on base; St. Petersburg 5 - Atlantic City 0 |
BOTTOM OF THE 6TH |
Atlantic City Sonics batting - Pitching for St. Petersburg Thunder : RHP Bill Tennant
|
Batting: RHB Raffaello Dichio
|
0-0: Ball 1-0: Swinging Strike 1-1: Called Strike 1-2: Ball 2-2: Ball 3-2: Ground out 6-3 (Groundball, 6, EV 94.4 MPH)
|
Batting: LHB Travis Gilliam
|
0-0: Ball 1-0: Swinging Strike 1-1: Fly out, F8 (Flyball, 8RM, EV 81.9 MPH)
|
Batting: RHB Garm van Opdorp
|
0-0: Ball 1-0: Ball 2-0: Swinging Strike 2-1: Fly out, F8 (Flyball, 8RXD, EV 103.1 MPH)
|
Bottom of the 6th over - 0 runs, 0 hits, 0 errors, 0 left on base; St. Petersburg 5 - Atlantic City 0 |
TOP OF THE 7TH |
St. Petersburg Thunder batting - Pitching for Atlantic City Sonics : RHP Craig Gunter
|
Batting: SHB Leonard Davis
|
0-0: Ball 1-0: Foul Ball, location: 2F 1-1: Foul Ball, location: 2F 1-2: SINGLE (Groundball, 4MD, EV 103.1 MPH)
|
Batting: LHB Lorenzo Ortíz
|
0-0: Ball 1-0: Fielders Choice at 2nd, 4-6 (Groundball, 34, EV 108.8 MPH)
|
Batting: RHB Alfred Coleman
|
0-0: Foul Ball, location: 2F 0-1: Swinging Strike 0-2: Foul Ball, location: 2F 0-2: Strikes out swinging
|
Batting: RHB Gene Blanton
|
0-0: Called Strike 0-1: Called Strike 0-2: Ball 1-2: Ball 2-2: Fly out, F9 (Flyball, 89D, EV 89.4 MPH)
|
Top of the 7th over - 0 runs, 1 hit, 0 errors, 1 left on base; St. Petersburg 5 - Atlantic City 0 |
BOTTOM OF THE 7TH |
Atlantic City Sonics batting - Pitching for St. Petersburg Thunder : RHP Bill Tennant
|
Batting: RHB Denis Perrin
|
0-0: SOLO HOME RUN (Flyball, 7D, EV 83.8 MPH), Distance : 376 ft
|
Pitching: LHP Adrian Robertson
|
|
Batting: RHB Abhipala Srivastav
|
0-0: Fly out, F8 (Line Drive, 8RM, EV 111.9 MPH)
|
Batting: RHB Jaime López
|
0-0: Foul Ball, location: 2F 0-1: Foul Ball, location: 2F 0-2: Ball 1-2: Foul Ball, location: 2F 1-2: Strikes out swinging
|
Batting: LHB Jorge Quilez
|
0-0: Called Strike 0-1: Called Strike 0-2: Foul Ball, location: 2F 0-2: Ball 1-2: Foul Ball, location: 2F 1-2: Foul Ball, location: 2F 1-2: Foul Ball, location: 2F 1-2: Strikes out swinging
|
Bottom of the 7th over - 1 run, 1 hit, 0 errors, 0 left on base; St. Petersburg 5 - Atlantic City 1 |
TOP OF THE 8TH |
St. Petersburg Thunder batting - Pitching for Atlantic City Sonics : RHP Craig Gunter
|
Batting: RHB Patrício Gerardes
|
0-0: Called Strike 0-1: Ball 1-1: Ball 2-1: Ball 3-1: Base on Balls
|
Pitching: RHP Carlos Cabael
|
|
Batting: RHB Curtis Tiger
|
0-0: Ball 1-0: Ball 2-0: Fly out, F7 (Flyball, 78M, EV 91.9 MPH)
|
Batting: RHB John Crosby
|
0-0: Ball 1-0: Ball 2-0: Grounds into double play, 6-4-3 (Groundball, 56D, EV 108.8 MPH)
|
Top of the 8th over - 0 runs, 0 hits, 0 errors, 0 left on base; St. Petersburg 5 - Atlantic City 1 |
BOTTOM OF THE 8TH |
Atlantic City Sonics batting - Pitching for St. Petersburg Thunder : LHP Adrian Robertson
|
Batting: RHB Román Ramírez
|
0-0: Fly out, F8 (Flyball, 8LXD, EV 88.8 MPH)
|
Batting: RHB Luis Rodríguez
|
0-0: Ball 1-0: Called Strike 1-1: Ball 2-1: Ball 3-1: Called Strike 3-2: Base on Balls
|
Batting: RHB Raffaello Dichio
|
0-0: Foul Ball, location: 2F 0-1: Swinging Strike 0-2: Ball 1-2: Strikes out looking
|
Batting: LHB Travis Gilliam
|
0-0: Foul Ball, location: 2F 0-1: Foul Ball, location: 2F 0-2: Ball 1-2: Ball 2-2: Foul Ball, location: 2F 2-2: Ball 3-2: SINGLE (Line Drive, 8LS, EV 96.2 MPH) Luis Rodríguez to second Luis Rodríguez to third
|
Batting: RHB Garm van Opdorp
|
0-0: Fly out, F8 (Line Drive, 8LD, EV 100.0 MPH)
|
Bottom of the 8th over - 0 runs, 1 hit, 0 errors, 2 left on base; St. Petersburg 5 - Atlantic City 1 |
TOP OF THE 9TH |
St. Petersburg Thunder batting - Pitching for Atlantic City Sonics : RHP Carlos Cabael
|
Pitching: LHP Fernando Mora
|
|
Batting: LHB Caspar Fewings
|
0-0: Called Strike 0-1: Ball 1-1: Ball 2-1: Foul Ball, location: 2F 2-2: Ground out 3-1 (Groundball, 34, EV 101.2 MPH)
|
Batting: SHB Fernando Urby
|
0-0: Foul Ball, location: 2F 0-1: Ball 1-1: Swinging Strike 1-2: Foul Ball, location: 2F 1-2: Strikes out swinging
|
Batting: SHB Leonard Davis
|
0-0: Ball 1-0: Swinging Strike 1-1: Called Strike 1-2: Ball 2-2: Ground out 5-3 (Groundball, 56, EV 86.2 MPH)
|
Top of the 9th over - 0 runs, 0 hits, 0 errors, 0 left on base; St. Petersburg 5 - Atlantic City 1 |
BOTTOM OF THE 9TH |
Atlantic City Sonics batting - Pitching for St. Petersburg Thunder : LHP Adrian Robertson
|
Batting: RHB Denis Perrin
|
0-0: Ball 1-0: Ball 2-0: Ball 3-0: Base on Balls
|
Pitching: RHP Lester Broughton
|
|
Batting: RHB Abhipala Srivastav
|
0-0: Foul Ball, location: 2F 0-1: Swinging Strike 0-2: Ball 1-2: Strikes out swinging
|
Batting: RHB Jaime López
|
0-0: Ball 1-0: Ball 2-0: Called Strike 2-1: Foul Ball, location: 2F 2-2: Fielders Choice at 2nd, 6-4 (Groundball, 6, EV 82.5 MPH)
|
Batting: LHB Jorge Quilez
|
0-0: Ball 1-0: Ground out 1-3 (Groundball, P, EV 70.0 MPH)
|
Bottom of the 9th over - 0 runs, 0 hits, 0 errors, 1 left on base; St. Petersburg 5 - Atlantic City 1 |
|